[Event "January 9 Early 2024"]
[Site "https://www.chess.com"]
[Date "2024.01.11"]
[Round "1"]
[White "Novik, Maxim"]
[Black "Pakleza, Zbigniew"]
[Result "0-1"]
[Board "228"]
[TimeControl "180+1"]
[WhiteFideId "4102924"]
[BlackFideId "1119290"]
[WhiteElo "2463"]
[BlackElo "2855"]
[WhiteTeam "LTU"]
[BlackTeam "POL"]
[WhiteClock "0:00:04"]
[BlackClock "0:00:22"]

1. e4 d6 2. d4 Nf6 3. Nc3 c6 4. Nf3 Bg4 5. Be2 e6 6. Be3 Be7 7. h3 Bh5 8. O-O d5 9. e5 Nfd7 10. Nh2 Bg6 11. Bd3 c5 12. Bxg6 hxg6 13. f4 Nc6 14. Nf3 O-O 15. Ne2 Qb6 16. c3 Qxb2 17. Rb1 Qxa2 18. Rxb7 Rfd8 19. Qa1 Qc4 20. Re1 a5 21. Nd2 Qa6 22. Rbb1 Rdb8 23. Qa2 Qd3 24. Kf2 a4 25. Rxb8+ Ncxb8 26. c4 dxc4 27. Nxc4 Nc6 28. Nc1 Qc3 29. Ne2 Qd3 30. Nc1 Qe4 31. dxc5 Bxc5 32. Bxc5 Qxf4+ 33. Kg1 Nxc5 34. Rf1 Qd4+ 35. Kh1 Nxe5 36. Nxe5 Qxe5 37. Qf2 f5 38. Re1 Ne4 39. Qg1 a3 40. Nd3 Qg3 41. Qb6 Qxd3 42. Qxe6+ Kh7 43. Rf1 Qxf1+ 0-1

[Event "January 9 Early 2024"]
[Site "https://www.chess.com"]
[Date "2024.01.11"]
[Round "1"]
[White "Foerster-Yialamas, Lucas"]
[Black "Pichot, Alan"]
[Result "0-1"]
[Board "229"]
[TimeControl "180+1"]
[WhiteFideId "30901774"]
[BlackFideId "110973"]
[WhiteElo "2440"]
[BlackElo "2816"]
[WhiteTeam "GER"]
[BlackTeam "ESP"]
[WhiteClock "0:00:03"]
[BlackClock "0:00:11"]

1. e4 c5 2. Nf3 d6 3. Nc3 Nf6 4. e5 dxe5 5. Nxe5 a6 6. d3 Nbd7 7. Bf4 e6 8. g3 Nb6 9. Bg2 Nbd5 10. Nxd5 Nxd5 11. Qf3 Qf6 12. O-O Nxf4 13. gxf4 Bd6 14. Rae1 O-O 15. Re3 Rb8 16. Qg4 b5 17. Be4 g6 18. Rh3 Bxe5 19. fxe5 Qxe5 20. Qh4 Qg7 21. f4 Bd7 22. Rf2 f6 23. f5 exf5 24. Bxf5 Bc6 25. Rg3 Rbe8 26. Rf4 Re5 27. Be4 Bxe4 28. Rxe4 f5 29. Rxe5 Qxe5 30. Qh6 Re8 31. Kg2 Qe2+ 32. Kh3 Re6 33. Qg5 Kf7 34. Qd8 Qh5+ 35. Kg2 Re2+ 36. Kf1 Qxh2 37. Qd7+ Re7 38. Qd5+ Kg7 39. Qd6 Qe2+ 40. Kg1 Qe1+ 41. Kh2 Re2+ 42. Rg2 Qh4+ 43. Kg1 Re1# 0-1

[Event "January 9 Early 2024"]
[Site "https://www.chess.com"]
[Date "2024.01.11"]
[Round "1"]
[White "Matinian, Nikita"]
[Black "Ambrogi, Agustin"]
[Result "1-0"]
[Board "230"]
[TimeControl "180+1"]
[WhiteFideId "24129100"]
[BlackFideId "170933"]
[WhiteElo "2720"]
[BlackElo "2396"]
[WhiteTeam "FID"]
[BlackTeam "ARG"]
[WhiteClock "0:00:16"]
[BlackClock "0:00:13"]

1. e4 Nf6 2. e5 Nd5 3. d4 d6 4. Nf3 dxe5 5. Nxe5 c6 6. Bc4 Nd7 7. Nf3 N7f6 8. O-O Bg4 9. Bb3 e6 10. h3 Bh5 11. Re1 Be7 12. Nbd2 O-O 13. Nf1 a5 14. a4 Bg6 15. Ne5 Qb6 16. Nxg6 hxg6 17. g4 Rfd8 18. c3 Qc7 19. Qf3 Bd6 20. Bg5 Bf4 21. h4 Bxg5 22. hxg5 Nh7 23. Bxd5 Rxd5 24. Ne3 Rxg5 25. Kg2 Nf6 26. Rh1 Nxg4 27. Nxg4 f5 28. Rh4 Rf8 29. Rah1 Rxg4+ 30. Rxg4 fxg4 31. Qxg4 Qf7 32. f3 Qf5 33. Re1 Rf6 34. Kg3 Kf7 35. Re5 Qb1 36. Re2 Qg1+ 37. Rg2 Qe1+ 38. Rf2 Rf5 39. Kg2 Kf6 40. Rf1 Qe2+ 41. Rf2 Qe3 42. f4 Rh5 43. Re2 1-0

[Event "January 9 Early 2024"]
[Site "https://www.chess.com"]
[Date "2024.01.11"]
[Round "1"]
[White "Pogorelskikh, Sofia"]
[Black "Al-Tarboush, Ward"]
[Result "0-1"]
[Board "231"]
[TimeControl "180+1"]
[WhiteFideId "44164548"]
[BlackFideId "7601450"]
[WhiteElo "2284"]
[BlackElo "2633"]
[WhiteTeam "SRB"]
[BlackTeam "NOR"]
[WhiteClock "0:00:02"]
[BlackClock "0:00:50"]

1. e4 e6 2. d4 d5 3. Nc3 Nf6 4. e5 Nfd7 5. f4 c5 6. Nf3 Nc6 7. Be3 a6 8. Qd2 b5 9. a3 Bb7 10. Bd3 Qb6 11. Qf2 c4 12. Be2 Ne7 13. O-O Nf5 14. Bd2 h5 15. Kh1 Be7 16. g3 O-O-O 17. Kg1 Rdg8 18. b3 Qd8 19. a4 b4 20. Nd1 c3 21. Be1 a5 22. Ne3 g6 23. Bd3 Qb6 24. Nxf5 gxf5 25. Qe3 h4 26. Bf2 hxg3 27. hxg3 Nf8 28. Kg2 Ng6 29. Rh1 Ba6 30. Bxa6+ Qxa6 31. Rxh8 Rxh8 32. Rh1 Rxh1 33. Kxh1 Qf1+ 34. Ng1 Qd1 35. Qe2 Qxe2 36. Nxe2 Bd8 37. Kg2 Bb6 38. Kf3 Ne7 39. Nc1 Nc6 40. Ne2 Kd7 41. Be3 Ba7 42. g4 fxg4+ 43. Kxg4 Ne7 44. Kf3 Nf5 45. Bf2 Ke7 46. Kg4 f6 47. Kf3 Kf7 48. Kg4 Kg6 49. Kf3 Nh6 50. Kg2 fxe5 51. fxe5 Kf5 52. Kf3 Nf7 53. Ng3+ Kg6 54. Be3 Ng5+ 55. Ke2 Ne4 56. Kd3 Nxg3 0-1

[Event "January 9 Early 2024"]
[Site "https://www.chess.com"]
[Date "2024.01.11"]
[Round "1"]
[White "Baules Rodriguez, Jorge Luis"]
[Black "Materia, Marco"]
[Result "1-0"]
[Board "232"]
[TimeControl "180+1"]
[WhiteFideId "6600247"]
[BlackFideId "45150451"]
[WhiteElo "2493"]
[BlackElo "2820"]
[WhiteTeam "PAN"]
[BlackTeam "FRA"]
[WhiteClock "0:00:14"]
[BlackClock "0:00:41"]

1. e4 c5 2. Nf3 e6 3. d4 cxd4 4. Nxd4 Nc6 5. Nc3 Qc7 6. g3 a6 7. Bg2 Nf6 8. O-O Nxd4 9. Qxd4 Bc5 10. Bf4 d6 11. Qd2 h6 12. Rad1 e5 13. Be3 Bg4 14. f3 Be6 15. Na4 Bxe3+ 16. Qxe3 d5 17. Nb6 Rd8 18. exd5 Nxd5 19. Nxd5 Bxd5 20. f4 Bxg2 21. Rxd8+ Kxd8 22. Kxg2 Re8 23. Qd3+ Kc8 24. fxe5 Rxe5 25. c3 Kb8 26. Rf2 f6 27. Re2 Qc6+ 28. Kg1 Rd5 29. Re8+ Ka7 30. Qe3+ Qc5 31. Qxc5+ Rxc5 32. Re7 g5 33. Kf2 Rb5 34. b3 Ra5 35. a4 Rc5 36. c4 a5 37. Rh7 Kb6 38. Rxh6 Rf5+ 39. Ke3 Kc5 40. Rh7 b6 41. Rc7+ Kb4 42. Rc6 Kxb3 43. Rxb6+ Kxc4 44. h4 gxh4 45. gxh4 Rf1 46. Rb5 Rh1 47. h5 Rh4 48. Rxa5 Kb4 49. Rf5 Kxa4 50. Kf3 Kb4 51. Kg3 Rh1 52. Rf4+ Kc5 53. Rh4 Rg1+ 54. Kf4 Kd6 55. h6 Rg8 56. h7 Rh8 57. Kf5 Ke7 58. Kg6 f5 59. Kg7 Rb8 60. h8=Q Rxh8 61. Rxh8 Ke6 62. Kg6 f4 63. Rf8 Ke5 64. Kg5 1-0

[Event "January 9 Early 2024"]
[Site "https://www.chess.com"]
[Date "2024.01.11"]
[Round "1"]
[White "Plyasunov, Daniil"]
[Black "Aadit Bhatia"]
[Result "1-0"]
[Board "233"]
[TimeControl "180+1"]
[WhiteFideId "44133839"]
[BlackFideId "25088955"]
[WhiteElo "2758"]
[BlackElo "2418"]
[WhiteTeam "RUS"]
[BlackTeam "IND"]
[WhiteClock "0:00:36"]
[BlackClock "0:00:04"]

1. e4 e5 2. Nf3 Nc6 3. Bb5 a6 4. Ba4 Nf6 5. O-O b5 6. Bb3 Bc5 7. c3 d6 8. d4 Bb6 9. a4 Bg4 10. Bg5 O-O 11. Bd5 Qd7 12. Bxf6 gxf6 13. h3 Bh5 14. Qd3 Rab8 15. axb5 axb5 16. Qxb5 Bxf3 17. Bxc6 Qc8 18. Qd3 Bh5 19. Nd2 Kh8 20. Nf3 Rg8 21. Nh4 Rg5 22. Kh2 Qg8 23. g3 Qg7 24. Ra8 Rxa8 25. Bxa8 Qf8 26. Bc6 exd4 27. cxd4 Ra5 28. Nf5 Bg6 29. Rd1 Bxf5 30. exf5 Qb8 31. Re1 Kg7 32. Qf3 Bxd4 33. Qg4+ Kh8 34. Qxd4 Rxf5 35. Re8+ Qxe8 36. Bxe8 Kg7 37. Qg4+ Rg5 38. Qd1 Re5 39. Bc6 Rc5 40. Bd5 f5 41. Qf3 Kf6 42. b4 Rb5 43. Qd3 Kg6 44. Qxb5 1-0

[Event "January 9 Early 2024"]
[Site "https://www.chess.com"]
[Date "2024.01.11"]
[Round "1"]
[White "Chu, Wei Chao"]
[Black "Feliz Dotel, Dewar Bienvenido"]
[Result "1-0"]
[Board "234"]
[TimeControl "180+1"]
[WhiteFideId "8605661"]
[BlackFideId "6402801"]
[WhiteElo "2562"]
[BlackElo "2145"]
[WhiteTeam "CHN"]
[BlackTeam "DOM"]
[WhiteClock "0:00:07"]
[BlackClock "0:00:02"]

1. d4 Nf6 2. c4 g6 3. Nc3 d5 4. cxd5 Nxd5 5. e4 Nxc3 6. bxc3 Bg7 7. Nf3 c5 8. h3 O-O 9. Be3 Nc6 10. Qd2 Qa5 11. Bd3 cxd4 12. cxd4 Qxd2+ 13. Kxd2 Rd8 14. e5 Be6 15. Rhb1 b6 16. Ke2 f6 17. Be4 Rac8 18. exf6 Bxf6 19. Rd1 Bc4+ 20. Ke1 Nb4 21. a3 Nd5 22. Rdc1 Nxe3 23. fxe3 b5 24. Kf2 e6 25. Rab1 a6 26. Nd2 Bd5 27. Ke2 Kf8 28. Bxd5 exd5 29. Rxc8 Rxc8 30. Kd3 Be7 31. Ra1 a5 32. Nf3 Bd6 33. Ng5 h6 34. Nf3 1-0

[Event "January 9 Early 2024"]
[Site "https://www.chess.com"]
[Date "2024.01.11"]
[Round "1"]
[White "Crocker, Philip J"]
[Black "Makaraci, Tunahan"]
[Result "1/2-1/2"]
[Board "235"]
[TimeControl "180+1"]
[WhiteFideId "403180"]
[BlackFideId "6356559"]
[WhiteElo "2125"]
[BlackElo "2547"]
[WhiteTeam "ENG"]
[BlackTeam "TUR"]
[WhiteClock "0:00:21"]
[BlackClock "0:00:03"]

1. d4 d5 2. Bf4 c5 3. e3 Nc6 4. c3 Nf6 5. Nd2 Bf5 6. Ngf3 e6 7. h3 h6 8. Be2 Bd6 9. Bxd6 Qxd6 10. dxc5 Qxc5 11. Nb3 Qb6 12. O-O O-O 13. Nfd4 Bg6 14. Bd3 Bxd3 15. Qxd3 Rfe8 16. a4 Ne5 17. Qb5 Qc7 18. a5 Nc4 19. Ra2 Rac8 20. Rd1 Nd6 21. Qe2 e5 22. Nb5 Nxb5 23. Qxb5 Red8 24. Raa1 Rd6 25. Qb4 Rcd8 26. Nc5 b6 27. Nb3 Ne4 28. axb6 axb6 29. Nd2 Nc5 30. Nf3 e4 31. Nd4 Nd3 32. Qb3 Rf6 33. Rd2 Qe5 34. Ra7 Qg5 35. Qd1 Rg6 36. g3 Nxf2 37. Rxf2 Qxg3+ 38. Kf1 Qxh3+ 39. Ke2 Rf8 40. Kd2 Qg3 41. Qf1 f6 42. Ne6 Re8 43. Nf4 Rg5 44. Rg2 Qh4 45. Rf2 Rf5 46. Rg2 Rg5 47. Rf2 Rf5 48. Rg2 Rg5 1/2-1/2

[Event "January 9 Early 2024"]
[Site "https://www.chess.com"]
[Date "2024.01.11"]
[Round "1"]
[White "Korchmar, Vasiliy"]
[Black "Tymrakiewicz, Rafal"]
[Result "1-0"]
[Board "236"]
[TimeControl "180+1"]
[WhiteFideId "24131750"]
[BlackFideId "1108832"]
[WhiteElo "2715"]
[BlackElo "2392"]
[WhiteTeam "RUS"]
[BlackTeam "POL"]
[WhiteClock "0:00:01"]
[BlackClock "0:00:04"]

1. e4 Nf6 2. e5 Nd5 3. d4 d6 4. Nf3 g6 5. Bc4 Nb6 6. Bb3 d5 7. O-O Bg7 8. Re1 Nc6 9. c3 O-O 10. Nbd2 f6 11. Nf1 fxe5 12. Nxe5 Nxe5 13. dxe5 Be6 14. Qd4 Rc8 15. Qh4 c5 16. Bg5 Rf7 17. Rad1 Qc7 18. f4 Rcf8 19. Ne3 c4 20. Bc2 Qc5 21. Kh1 Nd7 22. h3 b5 23. Rd4 Nb6 24. Ng4 Bxg4 25. hxg4 Qc7 26. Re3 h6 27. Bxh6 Bxh6 28. Qxh6 Rh7 29. Rh3 Rxh6 30. Rxh6 Rf7 31. Bxg6 Rg7 32. Bf5 e6 33. Bxe6+ Kf8 34. f5 Rh7 35. g5 Rxh6+ 36. gxh6 Qxe5 37. Rg4 Qf6 38. Rg6 Qh4+ 39. Kg1 b4 40. f6 bxc3 41. Rg8# 1-0

[Event "January 9 Early 2024"]
[Site "https://www.chess.com"]
[Date "2024.01.11"]
[Round "1"]
[White "Tejedor Fuente, Enrique"]
[Black "Mabusela, Johannes Manyedi"]
[Result "1-0"]
[Board "237"]
[TimeControl "180+1"]
[WhiteFideId "2299100"]
[BlackFideId "14300702"]
[WhiteElo "2715"]
[BlackElo "2388"]
[WhiteTeam "ESP"]
[BlackTeam "RSA"]
[WhiteClock "0:00:20"]
[BlackClock "0:00:48"]

1. d3 Nf6 2. e4 d6 3. g3 c5 4. Bg2 g6 5. h3 Bg7 6. f4 O-O 7. Nf3 Nc6 8. O-O Rb8 9. g4 b5 10. a3 a5 11. Nbd2 b4 12. Nc4 Ba6 13. Ne3 Qc7 14. axb4 cxb4 15. g5 Nd7 16. Rf2 Nd4 17. Nd5 Qd8 18. Nh2 e6 19. Ne3 Nc5 20. Bf1 f6 21. h4 fxg5 22. hxg5 h6 23. gxh6 Bxh6 24. Neg4 Bg7 25. Kh1 b3 26. c3 Nc2 27. Rb1 d5 28. e5 d4 29. c4 Bb7+ 30. Bg2 Bxg2+ 31. Rxg2 Qh4 32. Qe2 Rf5 33. Bd2 a4 34. Ba5 Kf7 35. Rbg1 Rh8 36. Bb6 Nd7 37. c5 Nxb6 38. cxb6 Nb4 39. Nf6 Bxf6 40. exf6 Rxf6 41. Qe5 Nd5 42. b7 Qxf4 43. Qxf4 1-0

[Event "January 9 Early 2024"]
[Site "https://www.chess.com"]
[Date "2024.01.11"]
[Round "1"]
[White "Mikhailovsky, Vladimir"]
[Black "Mizzi, Jack"]
[Result "0-1"]
[Board "238"]
[TimeControl "180+1"]
[WhiteFideId "34105414"]
[BlackFideId "5602521"]
[WhiteElo "2844"]
[BlackElo "2480"]
[WhiteTeam "RUS"]
[BlackTeam "MLT"]
[WhiteClock "0:00:01"]
[BlackClock "0:00:07"]

1. c4 e5 2. Nc3 f5 3. g3 Nf6 4. Bg2 c6 5. Nf3 e4 6. Nd4 d5 7. cxd5 cxd5 8. O-O Nc6 9. Nxc6 bxc6 10. d4 Bd6 11. Bg5 h6 12. Bxf6 Qxf6 13. e3 O-O 14. Rc1 Rb8 15. Na4 Ba6 16. Re1 Rfc8 17. Bf1 Bxf1 18. Rxf1 g5 19. f3 Qe6 20. fxe4 dxe4 21. b3 Kg7 22. Nc5 Qd5 23. Qh5 f4 24. gxf4 gxf4 25. Qxd5 cxd5 26. exf4 Bxc5 27. dxc5 d4 28. Rfd1 d3 29. Kf2 Rb5 30. c6 Rh5 31. Ke3 Rxh2 32. Kxe4 d2 33. Rc2 Re2+ 34. Kd5 Kf6 35. Rdxd2 Rd8+ 36. Kc5 Rexd2 37. Rxd2 Rxd2 38. c7 Ke7 39. Kc6 Rc2+ 40. Kb7 Kd7 0-1

[Event "January 9 Early 2024"]
[Site "https://www.chess.com"]
[Date "2024.01.11"]
[Round "1"]
[White "Sieciechowicz, Marcin"]
[Black "Krzywda, Andrzej"]
[Result "0-1"]
[Board "239"]
[TimeControl "180+1"]
[WhiteFideId "1130170"]
[BlackFideId "1114565"]
[WhiteElo "2689"]
[BlackElo "2399"]
[WhiteTeam "POL"]
[BlackTeam "POL"]
[WhiteClock "0:00:01"]
[BlackClock "0:00:17"]

1. d4 d5 2. Bf4 Nf6 3. e3 c5 4. c3 Qb6 5. Qb3 c4 6. Qc2 g6 7. b3 Bf5 8. Qd1 cxb3 9. Qxb3 Nc6 10. Nd2 Bg7 11. c4 Nxd4 12. exd4 Qxd4 13. Rd1 Qxf4 14. Ngf3 O-O 15. cxd5 Rfd8 16. Bc4 b5 17. Qxb5 Rab8 18. Qa5 Ne4 19. Qxa7 Nxd2 20. Nxd2 Bc3 21. O-O Bxd2 22. Bb3 Bb4 23. Rc1 Bd6 24. g3 Qf3 25. Qe3 Qxe3 26. fxe3 Rdc8 27. Kf2 Ba3 28. Rxc8+ Rxc8 29. e4 Bxe4 30. Ke3 Bf5 31. h3 Bc5+ 32. Kd2 h5 33. d6 Bxd6 34. g4 hxg4 35. hxg4 Be6 36. Bxe6 fxe6 37. a4 Rc4 38. Ra1 Rxg4 39. a5 Bb8 40. a6 Ba7 41. Ra5 Rb4 42. Kc3 Rb1 43. Kc4 Kf7 44. Rg5 Kf6 45. Rg2 e5 0-1

[Event "January 9 Early 2024"]
[Site "https://www.chess.com"]
[Date "2024.01.11"]
[Round "1"]
[White "Tabuenca Mendataurigoitia, Daniel"]
[Black "Joubert, Dantelle"]
[Result "1-0"]
[Board "240"]
[TimeControl "180+1"]
[WhiteFideId "24563617"]
[BlackFideId "14310813"]
[WhiteElo "2551"]
[BlackElo "2062"]
[WhiteTeam "ESP"]
[BlackTeam "RSA"]
[WhiteClock "0:00:02"]
[BlackClock "0:00:01"]

1. Nf3 d5 2. g3 g6 3. Bg2 Bg7 4. O-O e5 5. d3 Ne7 6. e4 c6 7. Re1 Nd7 8. exd5 cxd5 9. c4 O-O 10. Nc3 d4 11. Ne4 Qc7 12. b4 a5 13. b5 Re8 14. Ba3 b6 15. Bd6 Qa7 16. Nfg5 Nf8 17. Qf3 Nf5 18. Bxf8 Rxf8 19. c5 bxc5 20. b6 Qxb6 21. Rab1 Qc7 22. Rec1 Ra7 23. Rxc5 Qe7 24. h4 h6 25. Nh3 Nd6 26. Nxd6 Qxd6 27. Rc6 Qa3 28. Rbc1 Bb7 29. Qd5 Bxc6 30. Rxc6 Qxd3 31. h5 Qd1+ 32. Kh2 Qxh5 33. Bf3 Qf5 34. Be4 Qd7 35. Qc4 Kh7 36. f3 f5 37. Bd5 Rd8 38. Be6 1-0

[Event "January 9 Early 2024"]
[Site "https://www.chess.com"]
[Date "2024.01.11"]
[Round "1"]
[White "Sychev, Klementy"]
[Black "Morales Garcia, Sergio Joshafatt"]
[Result "1-0"]
[Board "241"]
[TimeControl "180+1"]
[WhiteFideId "4114060"]
[BlackFideId "5106249"]
[WhiteElo "2818"]
[BlackElo "2443"]
[WhiteTeam "FID"]
[BlackTeam "MEX"]
[WhiteClock "0:00:13"]
[BlackClock "0:00:02"]

1. e4 c5 2. Nf3 e6 3. d4 cxd4 4. Nxd4 Nc6 5. Nc3 Qc7 6. Ndb5 Qb8 7. a4 a6 8. Na3 Nf6 9. g3 Bb4 10. Bg2 Nxe4 11. Bxe4 Bxc3+ 12. bxc3 Qe5 13. f3 d5 14. Nc4 Qxc3+ 15. Bd2 Qxc4 16. Bd3 Qc5 17. Qe2 O-O 18. Be3 Qc3+ 19. Kf2 Nb4 20. Rab1 Bd7 21. Kg2 Bxa4 22. Bd2 Qc6 23. Bxb4 Rfc8 24. Rhc1 b5 25. Ba3 Rab8 26. Bb2 f6 27. Ba1 a5 28. Kg1 b4 29. f4 Qc5+ 30. Kg2 Qc6 31. Qh5 f5 32. Be5 Rb7 33. Qf3 Rd7 34. Qe3 d4+ 35. Qf3 Qxf3+ 36. Kxf3 Rd5 37. Ke2 Rdc5 38. Bxd4 R5c6 39. Rb2 b3 40. c4 Kf7 41. c5 Ke7 42. Ke3 Kd7 43. Ra1 Rxc5 44. Bxc5 Rxc5 45. Rxa4 1-0

[Event "January 9 Early 2024"]
[Site "https://www.chess.com"]
[Date "2024.01.11"]
[Round "1"]
[White "Bolat, Inayat"]
[Black "Bologan, Victor"]
[Result "0-1"]
[Board "242"]
[TimeControl "180+1"]
[WhiteFideId "13733125"]
[BlackFideId "13900048"]
[WhiteElo "2435"]
[BlackElo "2791"]
[WhiteTeam "KAZ"]
[BlackTeam "MDA"]
[WhiteClock "0:00:03"]
[BlackClock "0:00:10"]

1. e4 c5 2. Nf3 d6 3. d4 cxd4 4. Nxd4 Nf6 5. Nc3 a6 6. Bd3 g6 7. f3 Bg7 8. Be3 b5 9. a4 b4 10. Na2 a5 11. c3 bxc3 12. Nxc3 O-O 13. O-O Bb7 14. Qe2 Na6 15. Rfd1 Nb4 16. Bc4 Qb8 17. Ndb5 Rd8 18. Rac1 d5 19. exd5 Nfxd5 20. Nxd5 Bxd5 21. Bxd5 Nxd5 22. Bc5 e6 23. b3 Qb7 24. Bd4 Bxd4+ 25. Rxd4 Rac8 26. Rcd1 Qb6 27. Kh1 Re8 28. Qd2 Rc5 29. h3 Rec8 30. Qh6 Rc2 31. Rh4 Qf2 32. Qxh7+ Kf8 33. Rg4 Ke7 34. Qh6 Nf6 35. Rxg6 Qe2 36. Rg1 Qe5 37. Rg5 Qf4 38. Qg7 Rc1 39. Rg3 Qe3 40. Rxc1 Rxc1+ 41. Kh2 Qg1# 0-1

[Event "January 9 Early 2024"]
[Site "https://www.chess.com"]
[Date "2024.01.11"]
[Round "1"]
[White "Silvestre, Christian"]
[Black "Golubev, Mikhail"]
[Result "0-1"]
[Board "243"]
[TimeControl "180+1"]
[WhiteFideId "30956269"]
[BlackFideId "14100983"]
[WhiteElo "2293"]
[BlackElo "2638"]
[WhiteTeam "USA"]
[BlackTeam "UKR"]
[WhiteClock "0:00:23"]
[BlackClock "0:00:04"]

1. d4 Nf6 2. Nf3 d6 3. g3 g6 4. Bg2 Bg7 5. O-O O-O 6. c4 Nbd7 7. Nc3 e5 8. e4 Re8 9. Re1 exd4 10. Nxd4 c6 11. h3 Qb6 12. Nc2 Ne5 13. b3 Nfd7 14. Be3 Qa5 15. Ne2 Nf6 16. Qxd6 Bxh3 17. Bxh3 Nxe4 18. Qb4 Qxb4 19. Nxb4 Nf3+ 20. Kg2 Nxe1+ 21. Rxe1 a5 22. Nc2 a4 23. b4 Rad8 24. b5 cxb5 25. cxb5 Rd3 26. a3 Nc3 27. Nxc3 Rxc3 28. Nb4 Rxa3 29. Bd7 Rd8 30. Bg4 Rb3 31. Nc2 a3 32. Bf3 a2 33. Bb6 Rc8 34. Bxb7 Rxc2 35. Re8+ Bf8 36. Be3 Rxe3 37. Rxe3 a1=Q 38. Re8 Rc1 39. Bd5 Rg1+ 40. Kf3 Qd1+ 41. Ke4 Re1+ 42. Kf4 Rxe8 43. Bf3 Qd4+ 44. Kg5 Qe5+ 45. Kh4 Qf6+ 46. Kh3 Qxf3 47. Kh2 Qxf2+ 48. Kh3 Qf3 49. Kh4 Re1 50. Kg5 Rh1 51. g4 Be7# 0-1

[Event "January 9 Early 2024"]
[Site "https://www.chess.com"]
[Date "2024.01.11"]
[Round "1"]
[White "Ferey, Antonin"]
[Black "Donchenko, Alexander"]
[Result "0-1"]
[Board "244"]
[TimeControl "180+1"]
[WhiteFideId "36051454"]
[BlackFideId "24603295"]
[WhiteElo "2500"]
[BlackElo "2940"]
[WhiteTeam "FRA"]
[BlackTeam "GER"]
[WhiteClock "0:00:05"]
[BlackClock "0:00:06"]

1. d4 Nf6 2. c4 e6 3. Nf3 b6 4. g3 Ba6 5. Qc2 c5 6. d5 exd5 7. cxd5 Bb7 8. Nc3 Nxd5 9. Bg2 Be7 10. Ne5 Ne3 11. Bxe3 Bxg2 12. Rg1 Bb7 13. O-O-O O-O 14. Bf4 Bf6 15. e4 g5 16. Ng4 gxf4 17. gxf4 Kh8 18. e5 Bg7 19. Rg3 Qh4 20. Rdd3 h5 21. Rh3 Qxg4 22. Rdg3 Qxf4+ 23. Re3 h4 24. Ne2 Qg4 25. Reg3 Qe4 26. Qd2 Qh7 27. Rg4 Bh6 28. Rgxh4 Bxd2+ 29. Kxd2 Qxh4 30. Rxh4+ Kg7 31. Nf4 Rh8 32. Rg4+ Kf8 33. h4 Nc6 34. Nd3 Nd4 35. f4 Rxh4 36. Rxh4 Nf3+ 37. Ke3 Nxh4 38. f5 Nxf5+ 39. Kf4 Nd4 0-1

[Event "January 9 Early 2024"]
[Site "https://www.chess.com"]
[Date "2024.01.11"]
[Round "1"]
[White "Tikhonov, Viacheslav"]
[Black "Sadhwani, Raunak"]
[Result "1/2-1/2"]
[Board "245"]
[TimeControl "180+1"]
[WhiteFideId "44196407"]
[BlackFideId "35093487"]
[WhiteElo "2537"]
[BlackElo "3077"]
[WhiteTeam "RUS"]
[BlackTeam "IND"]
[WhiteClock "0:00:04"]
[BlackClock "0:00:08"]

1. e4 c6 2. d4 d5 3. Nc3 dxe4 4. Nxe4 Bf5 5. Ng3 Bg6 6. h4 h6 7. N1e2 Nf6 8. Nf4 Bh7 9. Bc4 e6 10. Nfh5 Nbd7 11. c3 Nxh5 12. Nxh5 Nf6 13. Bf4 Nxh5 14. Qxh5 Bg6 15. Qg4 Bf5 16. Qg3 Qb6 17. Bb3 O-O-O 18. O-O Rh7 19. h5 Be7 20. Qf3 g5 21. Be5 g4 22. Qe2 Bd6 23. Rfe1 Bxe5 24. Qxe5 Qc7 25. Qf6 g3 26. f3 Rg8 27. Re5 Kb8 28. Rae1 a6 29. Bc4 Rg5 30. Bb3 Rxh5 31. Bc2 Qb6 32. Bxf5 Rxf5 33. Rxf5 exf5 34. Qxf5 Qxb2 35. Re8+ Kc7 36. Qe5+ Kb6 37. Qc5+ Kc7 38. Re7+ Kb8 39. Re8+ Kc7 40. Qe7+ Kb6 41. Qc5+ Kc7 1/2-1/2

[Event "January 9 Early 2024"]
[Site "https://www.chess.com"]
[Date "2024.01.11"]
[Round "1"]
[White "Fernandez Hernandez, Gerardo"]
[Black "Sipila, Vilka"]
[Result "0-1"]
[Board "246"]
[TimeControl "180+1"]
[WhiteFideId "2207400"]
[BlackFideId "505455"]
[WhiteElo "2320"]
[BlackElo "2657"]
[WhiteTeam "ESP"]
[BlackTeam "FIN"]
[WhiteClock "0:00:06"]
[BlackClock "0:00:53"]

1. e4 c5 2. d3 e6 3. g3 Nc6 4. Bg2 d5 5. Nd2 Nf6 6. Ngf3 Be7 7. O-O O-O 8. e5 Nd7 9. Re1 Qc7 10. Qe2 b5 11. h4 Bb7 12. Nf1 Rfc8 13. Bf4 Qd8 14. c3 a5 15. a4 bxa4 16. Rxa4 Ba6 17. h5 h6 18. N1h2 Kh8 19. Qd2 Qf8 20. Ng4 Rab8 21. Nxh6 gxh6 22. Bxh6 Qg8 23. Bh3 Rc7 24. Rg4 Qh7 25. Bg7+ Qxg7 26. Rxg7 Kxg7 27. h6+ Kh8 28. Ng5 Rf8 29. Qf4 Nd8 30. Re3 d4 31. Rf3 Rb7 32. cxd4 cxd4 33. Qxd4 Bxg5 34. Qd6 Bb5 35. Bg2 Rb6 36. Qa3 Bxh6 37. Rf6 Nxf6 38. exf6 Bc6 39. f4 Bxg2 40. Kxg2 Rg8 41. Qc5 Rxb2+ 42. Kf3 a4 43. g4 Rh2 44. g5 Bf8 45. Qg1 Rh7 46. Qb6 a3 47. Qxd8 a2 48. Qa5 Rh2 49. Kg3 Rc2 50. Qe1 Bh6 51. Qh1 Rg6 52. Kf3 Kh7 53. gxh6 Rxh6 54. Qg1 Rg6 55. Qh1+ Kg8 56. Ke3 Rxf6 57. Qa8+ Kg7 58. Qa4 Rh2 59. f5 Rxf5 60. Qg4+ Kf8 61. Qb4+ Kg8 62. Qg4+ Kh7 63. Qg3 Rh1 0-1

[Event "January 9 Early 2024"]
[Site "https://www.chess.com"]
[Date "2024.01.11"]
[Round "1"]
[White "La Villa Rivas, Marlon Javier"]
[Black "Nigalidze, Gaioz"]
[Result "0-1"]
[Board "247"]
[TimeControl "180+1"]
[WhiteFideId "3519546"]
[BlackFideId "13603078"]
[WhiteElo "2354"]
[BlackElo "2679"]
[WhiteTeam "CUB"]
[BlackTeam "GEO"]
[WhiteClock "0:00:25"]
[BlackClock "0:00:11"]

1. e4 c5 2. Nf3 d6 3. d4 cxd4 4. Nxd4 Nf6 5. Nc3 a6 6. Bg5 e6 7. f4 h6 8. Bh4 Qb6 9. Qd3 Qxb2 10. Rb1 Qa3 11. f5 Nc6 12. fxe6 Bxe6 13. Nxe6 fxe6 14. Bxf6 gxf6 15. Be2 b5 16. O-O Qc5+ 17. Kh1 Ne5 18. Qh3 Ke7 19. a4 Rc8 20. Nd1 Qxc2 21. Ne3 Qxe2 22. Nd5+ exd5 23. Qxc8 dxe4 24. Rbc1 Nd7 25. Rfe1 Qg4 26. Rc7 d5 27. Rc6 Rg8 28. Rg1 bxa4 29. Qc7 Bg7 30. Qd6+ Kf7 31. Rc7 Rd8 32. Qxd5+ Qe6 33. Qh5+ Kg8 34. Rgc1 a3 35. Rc8 Rxc8 36. Rxc8+ Kh7 37. Qe2 a2 38. Rc1 f5 39. h3 a1=Q 40. Rxa1 Bxa1 41. Qd2 Be5 42. Qa5 Qd6 43. Qa4 Nc5 44. Qc2 Qd3 45. Qxc5 Qd1+ 46. Qg1 Qxg1+ 47. Kxg1 a5 48. Kf2 a4 49. Ke2 a3 50. Kd2 a2 0-1

[Event "January 9 Early 2024"]
[Site "https://www.chess.com"]
[Date "2024.01.11"]
[Round "1"]
[White "Tuncer, Tuna"]
[Black "Fernandez Siles, Luis"]
[Result "0-1"]
[Board "248"]
[TimeControl "180+1"]
[WhiteFideId "6349269"]
[BlackFideId "2209420"]
[WhiteElo "2617"]
[BlackElo "2295"]
[WhiteTeam "TUR"]
[BlackTeam "ESP"]
[WhiteClock "0:00:01"]
[BlackClock "0:00:08"]

1. Nf3 Nf6 2. g3 g6 3. b3 d6 4. d4 Bg7 5. Bb2 O-O 6. Bg2 Ne4 7. O-O f5 8. c4 Nc6 9. Nbd2 Nxd2 10. Qxd2 e5 11. dxe5 dxe5 12. Rfd1 Qe7 13. Qg5 e4 14. Qxe7 Nxe7 15. Bxg7 Kxg7 16. Nd4 c6 17. f3 exf3 18. exf3 f4 19. g4 Kf6 20. Ne2 g5 21. Rd6+ Kf7 22. Nc3 Ng6 23. Re1 Re8 24. Rxe8 Kxe8 25. Ne4 Ke7 26. c5 b6 27. Nxg5 bxc5 28. Rxc6 Bd7 29. Rxc5 Kd6 30. Ne4+ Ke7 31. Bf1 a5 32. a4 Rb8 33. Bc4 Be6 34. Bxe6 Kxe6 35. Rb5 Rc8 36. Rxa5 Ne5 37. Kf2 Rc2+ 38. Kf1 Nxf3 39. Rb5 Nxh2+ 40. Ke1 f3 41. Ng3 f2+ 42. Kd1 Ra2 43. Rf5 Ra1+ 44. Ke2 Ra2+ 0-1